 Dungeon Crawl Stone Soup version 0.30.1 (webtiles) character file.

Game seed: 5697512944450722440

63 LynnLen the Sneak (level 3, -2/16 HPs)
             Began as a Spriggan Enchanter on July 10, 2023.
             Slain by a gnoll
             ... wielding a +0 spear
              (4 damage)
             ... on level 2 of the Dungeon.
             The game lasted 00:03:32 (1551 turns).

LynnLen the Sneak (Spriggan Enchanter)              Turns: 1551, Time: 00:03:33

Health: -2/16      AC:  2    Str:  4    XL:     3   Next: 87%
Magic:  1/8        EV: 17    Int: 18    God:
Gold:   72         SH:  0    Dex: 15    Spells: 3/8 levels left

rFire   . . .        a - +1 dagger
rCold   . . .        (no shield)
rNeg    . . .        b - +0 robe
rPois   .            (helmet restricted)
rElec   .            (no cloak)
rCorr   .            (gloves unavailable)
SInv    +            (boots unavailable)
Will    .....        (no amulet)
Stlth   +++          (no ring)
HPRegen 0.22/turn    (no ring)
MPRegen 0.11/turn

%: no passive effects
@: very quick
A: very small, no large weapons, unfitting armour, see invisible, speed 3
a: no special abilities


You were on level 2 of the Dungeon.
You visited 1 branch of the dungeon, and saw 2 of its levels.

You collected 72 gold pieces.

Inventory:

Hand Weapons
 a - a +1 dagger (weapon)
Armour
 b - a +0 robe (worn)
Scrolls
 e - a scroll of identify
 j - 3 scrolls of magic mapping
 l - a scroll of blinking {unknown}
 m - a scroll of fog {unknown}
Potions
 c - 2 potions of invisibility
 d - a potion of ambrosia
 f - a potion of heal wounds {unknown}
 g - a potion of magic {unknown}
 h - a potion of brilliance {unknown}
 i - 3 potions of cancellation {unknown}
 k - a potion of curing {unknown}
 n - a potion of flight {unknown}


   Skills:
 + Level 2.2 Short Blades
 - Level 2.6 Dodging
 + Level 5.2 Stealth
 + Level 3.0 Spellcasting
 * Level 4.4 Hexes
 + Level 0.6 Ice Magic


You had 3 spell levels left.
You knew the following spells:

 Your Spells              Type           Power      Damage    Failure   Level
a - Ensorcelled Hibernat  Hex/Ice        22%        N/A       9%          2
b - Confusing Touch       Hex            18%        N/A       8%          3

Your spell library contained the following spells:

 Spells                   Type           Power      Damage    Failure   Level
 Tukima's Dance           Hex            18%        N/A       8%          3
 Dazzling Flash           Conj/Hex       20%        N/A       21%         3


Dungeon Overview and Level Annotations

Branches:
Dungeon (2/15)

Altars:


Innate Abilities, Weirdness & Mutations

You are very small and have problems with some larger weapons.
You are too small for most types of armour.
You have supernaturally acute eyesight. (SInv)
You cover ground extremely quickly. (Speed+++)


Message History

Casting: Ensorcelled Hibernation (safe; 10% risk of failure)
Confirm with . or Enter, or press ? or * to list all spells.
Aiming: Ensorcelled Hibernation (safe; 10% risk of failure)
Press: ? - help, Shift-Dir - straight line, f - gnoll
Aim: a gnoll, wielding a +0 spear (chance to affect: 53%)
The gnoll resists with significant effort.
You see here a ball python corpse.
You hit the gnoll.
The gnoll is lightly wounded.
The gnoll misses you.
Casting: Ensorcelled Hibernation (safe; 10% risk of failure)
Confirm with . or Enter, or press ? or * to list all spells.
Aiming: Ensorcelled Hibernation (safe; 10% risk of failure)
Press: ? - help, Shift-Dir - straight line, f/p - gnoll
Aim: a gnoll, wielding a +0 spear (chance to affect: 53%)
The gnoll looks drowsy...
The gnoll hits you from afar with a +0 spear.
The helpless gnoll fails to defend itself.
You impale the gnoll!!
You kill the gnoll!
The gnoll closely misses you.
Your Spellcasting skill increases to level 3!
Casting: Ensorcelled Hibernation (safe; 9% risk of failure)
Confirm with . or Enter, or press ? or * to list all spells.
Aiming: Ensorcelled Hibernation (safe; 9% risk of failure)
Press: ? - help, Shift-Dir - straight line, f/p - gnoll
Aim: a gnoll, wielding a +0 spear (chance to affect: 53%)
The gnoll resists with significant effort.
You hit the gnoll.
The gnoll is lightly wounded.
The gnoll misses you.
You barely miss the gnoll.
The gnoll is lightly wounded.
The gnoll hits you from afar with a +0 spear!
* * * LOW HITPOINT WARNING * * *
The gnoll closely misses you.
You hit the gnoll but do no damage.
The gnoll is lightly wounded.
The gnoll hits you from afar with a +0 spear.
You die...

,***,,*,,,,,,,,,,,,* *,,,*
,**,,,,,**,*,,,,,*,* *...#
***,,,,,,,,****,,,,***...####
#####,****** ***,,<,,......#
....### **,,,,......#
.##...##* **,,,......*
.#..#...##* *###...##**
##.####...##########......#
#..#..###.......@gg)......#
#.##..)†##.##...####..#.#.#
..#..⌠..#..#....#*......#,*
.##....##.##>...##.#..###,*
..#.#..#..#.....#......,,,*
#...####.######.......##***
###...#..#****###....##
..###...##,,,,* ##.#.#
#...###.#,***,* ***,*


You could see 2 gnolls.

Vanquished Creatures
  A gnoll (D:2)
  2 adders (D:2)
  2 dart slugs (D:1)
  3 ball pythons
  2 endoplasms
  3 giant cockroaches (D:1)
  3 hobgoblins (D:1)
  4 jackals (D:1)
  2 kobolds
  2 quokkas
  4 bats (D:2)
  A rat (D:1)
29 creatures vanquished.

Notes
Turn   | Place    | Note
-------+----------+-------------------------------------------
     0 | D:1      | LynnLen the Spriggan Enchanter began the quest for the Orb.
     0 | D:1      | Reached XP level 1. HP: 9/9 MP: 5/5
   265 | D:1      | Reached XP level 2. HP: 13/13 MP: 6/6
   271 | D:1      | Learned a level 2 spell: Ensorcelled Hibernation
   684 | D:1      | Reached skill level 5 in Stealth
  1237 | D:2      | Reached XP level 3. HP: 6/16 MP: 1/8
  1298 | D:2      | Learned a level 3 spell: Confusing Touch
  1551 | D:2      | Slain by a gnoll

Illustrated notes

Levels and vault maps discovered:
D:1:      lightli_arrival_chessboard, layout_basic, minmay_split_cup_small
D:2:      minmay_skewed_foursquare, layout_loops_cross, basic_altar

Skill      XL: |  1  2  3 |
---------------+----------+-----
Hexes          | 4 |  4.4
Stealth        | 5 |  5.2
Short Blades   | 2 |  2.2
Spellcasting   | 3 |  3.0
Dodging        | |  2.6
Ice Magic      | |  0.6

Action                     || total
---------------------------++-------
  Melee: Dagger            ||   148
         Punch             ||     4
   Cast: Ensorcelled Hiber ||     9
    Use: Scroll            ||     2
   Stab: Sleeping          ||     4
 Armour: Robe              ||    15
  Dodge: Dodged            ||   134
